AoeStats
← Pottler

MegaRandom

507814517Analyzed
4v4 RM · 11d ago on Sep 19, 2026· 49m 54s· 8 players
Game mode
Random Map
Map size
Large (8 player)
Population
200
Speed
Normal
Resources
Standard
Victory
Conquest
Starting age
Dark Age
Ending age
Imperial Age
RankedLock teamsTeams togetherTeam positionsShared explorationLock speedFull tech treeHidden civsTurbo modeCheats
Victory
Defeat
🇺🇾 Saracens · Uruguay
1112
+14
🇺🇸 Lithuanians · United States
1078
+15
🇷🇺 Poles · Russia
1076
+15
🇨🇱 Maya · Chile
1055
+16
🇩🇪 Hindustanis · Germany
1095
-17
🇩🇪 Romans · Germany
1063
-15
🇵🇱 Khmer · Poland
1056
-15
🇩🇪 Burgundians · Germany
1013
-13
Cayo
10:06 Feudal Age
8:22 Loom
10:52 Double-Bit Axe
10:50 Horse Collar
16:02 Castle Age
18:45 Bow Saw
19:28 Heavy Plow
20:25 Gold Mining
22:03 Gold Shaft Mining
27:49 Imperial Age
32:25 Conscription
33:45 Crop Rotation
34:32 Wheelbarrow
33:46 Town Watch
36:08 Coinage
37:58 Gold Shaft Mining
37:56 Banking
39:33 Siege Engineers
39:45 Masonry
39:31 Murder Holes
39:58 Ballistics
40:39 Chemistry
39:51 Scale Barding Armor
39:38 Fletching
40:58 Double Crossbow
42:00 Chain Barding Armor
41:37 Bodkin Arrow
42:55 Bloodlines
42:46 Husbandry
42:09 Elite Ballista Elephant
44:17 Hoardings
44:13 Hand Cart
44:58 Stone Mining
47:32 Plate Barding Armor
46:58 Bracer
Axes and Bows
10:07 Double-Bit Axe
10:05 Horse Collar
10:15 Horse Collar
13:10 Feudal Age
12:49 Loom
14:16 Heavy Plow
16:14 Man-at-Arms
19:45 Castle Age
27:32 Fletching
27:42 Padded Archer Armor
28:39 Stone Mining
28:41 Gold Mining
29:37 Man-at-Arms
32:24 Wheelbarrow
36:11 Long Swordsman
37:38 Wheelbarrow
36:53 Town Watch
40:26 Imperial Age
39:44 Pikeman
41:30 Burgundian Vineyards
42:02 Forging
41:52 Scale Mail Armor
41:47 Bodkin Arrow
42:07 Leather Archer Armor
41:23 Two-Handed Swordsman
41:24 Halberdier
44:00 Conscription
45:48 Champion
48:04 Bow Saw
Pottler
5:12 Loom
11:10 Feudal Age
15:52 Castle Age
18:25 Double-Bit Axe
21:46 Wheelbarrow
21:28 Bow Saw
21:46 Bloodlines
21:54 Bloodlines
24:53 Hand Cart
25:26 Scale Mail Armor
28:20 Horse Collar
33:06 Imperial Age
33:12 Heavy Camel Rider
38:43 Scale Barding Armor
38:50 Forging
40:06 Two-Man Saw
40:10 Chain Barding Armor
41:44 Iron Casting
41:25 Chain Mail Armor
41:10 Gold Mining
45:19 Chemistry
44:39 Ballistics
44:28 Murder Holes
44:47 Thumb Ring
Magu
11:53 Feudal Age
10:10 Loom
10:24 Loom
12:11 Feudal Age
16:33 Castle Age
14:37 Double-Bit Axe
14:35 Horse Collar
15:21 Gold Mining
16:54 Man-at-Arms
17:35 Squires
17:37 Scale Mail Armor
18:37 Long Swordsman
19:13 Fletching
26:33 Ballistics
26:28 Bodkin Arrow
28:53 Ballistas
29:38 Stone Mining
30:48 Heavy Plow
31:11 Bow Saw
32:50 Chain Mail Armor
36:28 Imperial Age
36:41 Forging
36:45 Legionary
39:59 Iron Casting
40:36 Chemistry
40:47 Pikeman
42:13 Halberdier
43:54 Blast Furnace
Brazy_Boy4
0:41 Loom
9:18 Feudal Age
10:15 Double-Bit Axe
15:44 Wheelbarrow
18:20 Castle Age
17:39 Gold Mining
21:13 Horse Collar
22:17 Hand Cart
27:40 Bloodlines
28:27 Stone Mining
29:25 Forging
31:19 Scale Barding Armor
31:37 Heavy Plow
34:05 Chain Barding Armor
37:11 Imperial Age
35:42 Iron Casting
35:39 Town Watch
37:46 Bow Saw
38:03 Ballistics
37:14 Elite Leitis
38:55 Crop Rotation
39:56 Conscription
40:52 Plate Barding Armor
41:56 Fletching
43:17 Chemistry
43:30 Tower Shields
45:39 Husbandry
47:00 Town Patrol
50:25 Bodkin Arrow
50:13 Treadmill Crane
50:43 Masonry
Atthoon
0:31 Loom
10:48 Feudal Age
11:21 Double-Bit Axe
19:06 Castle Age
17:24 Horse Collar
18:09 Fletching
18:19 Padded Archer Armor
19:25 Crossbowman
21:16 Bodkin Arrow
23:44 Bow Saw
24:41 Wheelbarrow
23:51 Town Watch
25:49 Hand Cart
26:10 Eagle Warrior
27:01 Scale Mail Armor
28:29 Thumb Ring
29:37 Forging
29:43 Leather Archer Armor
36:26 Imperial Age
36:48 Elite Eagle Warrior
38:18 Chain Mail Armor
40:36 Bracer
41:07 Ring Archer Armor
42:32 Ring Archer Armor
43:07 Chemistry
42:28 Ballistics
45:28 Conscription
44:29 Elite Plumed Archer
just horsing around
8:10 Loom
11:02 Feudal Age
11:16 Man-at-Arms
15:09 Fletching
17:43 Arson
23:07 Castle Age
23:25 Castle Age
30:50 Double-Bit Axe
31:23 Husbandry
31:34 Bloodlines
32:48 Horse Collar
34:28 Szlachta Privileges
35:40 Scale Barding Armor
36:09 Forging
37:15 Chain Barding Armor
37:29 Bow Saw
41:48 Imperial Age
41:33 Heavy Plow
42:13 Cavalier
43:19 Conscription
45:19 Iron Casting
48:44 Blast Furnace
martin_ch09
1:19 Loom
11:01 Feudal Age
13:52 Wheelbarrow
17:50 Castle Age
15:44 Gold Mining
15:42 Double-Bit Axe
16:01 Horse Collar
17:17 Stone Mining
17:46 Scale Barding Armor
17:55 Forging
21:49 Hand Cart
28:41 Bow Saw
29:38 Chain Barding Armor
29:52 Bloodlines
29:42 Husbandry
30:57 Iron Casting
30:26 Padded Archer Armor
34:37 Imperial Age
34:28 Heavy Plow
36:03 Plate Barding Armor
36:28 Blast Furnace
35:55 Conscription
35:00 Elite Mameluke
38:11 Counterweights
39:20 Ballistics
39:54 Gold Shaft Mining
48:25 Two-Man Saw
Connection lost

Rejoining the realm…

Still unreachable

The connection could not be restored.

Session expired

The server has moved on; the page needs a fresh start.